 Dungeon Crawl Stone Soup version 0.29-a0-911-g88e6f02907 (webtiles) character file.

Game seed: 9393166198149133935

236 Aviak the Ducker (level 6, 0/40 HPs)
             Began as a Djinni Summoner on July 25, 2022.
             Was an Initiate of Elyvilon.
             Slain by an iguana (5 damage)
             ... on level 5 of the Dungeon.
             The game lasted 00:07:37 (4641 turns).

Aviak the Ducker (Djinni Summoner)                  Turns: 4641, Time: 00:07:38

Health: 0/40       AC:  4    Str:  7    XL:     6   Next: 27%
Gold:   75         EV: 13    Int: 19    God:    Elyvilon [......] SH:  0 Dex: 13

rFire   + + .      SeeInvis .   b - +0 short sword (protect)
rCold   x . .      Faith    .   (no shield)
rNeg    . . .      Spirit   .   g - +0 leather armour
rPois   ∞          Reflect  .   e - +1 hat
rElec   .          Harm     .   (no cloak)
rCorr   .          Rampage  .   (no gloves)
Will    .....                   (boots unavailable)
Stlth   ++........              (no amulet)
HPRegen 0.13/turn               (no ring)
MPRegen 0.00/turn               (no ring)

@: flying
A: sickness immunity, fire resistance 2, cold vulnerability 1, float, innate
caster, HP casting, extra vitality 1
a: Renounce Religion


You were on level 5 of the Dungeon.
You worshipped Elyvilon.
Elyvilon was noncommittal.
You visited 2 branches of the dungeon, and saw 6 of its levels.

You collected 201 gold pieces.
You spent 126 gold pieces at shops.

Inventory:

Hand Weapons
 b - a +0 short sword of protection (weapon)
 k - a +3 dagger of draining
Armour
 e - a +1 hat (worn)
 g - a +0 leather armour (worn)
Magical Staves
 l - a staff of fire {rF+}
Wands
 a - a wand of paralysis (8)
 c - a wand of iceblast (9)
Scrolls
 d - 2 scrolls of immolation
 f - a scroll of poison
 i - 2 scrolls of identify
 j - a scroll of enchant weapon {unknown}
 m - a scroll of blinking {unknown}
 q - a scroll of enchant armour {unknown}
 t - 2 scrolls of teleportation
Potions
 h - a potion of heal wounds
 n - a potion of curing {unknown}
 o - 2 potions of might
 p - a potion of lignification {!q}
 r - 2 potions of attraction


   Skills:
 + Level 5.0 Dodging
 - Level 1.5 Stealth
 + Level 4.5 Spellcasting


You couldn't memorise any spells.
You knew the following spells:

 Your Spells              Type           Power      Damage    Failure   Level
a - Summon Small Mammal   Summ           84%        N/A       3%          1
b - Call Imp              Summ           21%        N/A       4%          2
c - Call Canine Familiar  Summ           21%        N/A       9%          3
d - Summon Guardian Gole  Hex/Summ       21%        N/A       9%          3
e - Summon Lightning Spi  Summ/Air       21%        N/A       30%         4
f - Beastly Appendage     Tmut           42%        N/A       3%          1
g - Static Discharge      Conj/Air       21%        3-6/arc   4%          2
Your spell library was empty.

Dungeon Overview and Level Annotations

Branches:
Dungeon (5/15) Zot: 25413  Temple (1/1) D:4 Zot: 5937

Altars:
Ashenzari
Cheibriados
Dithmenos
Elyvilon
Fedhas
Hepliaklqana
Makhleb
Nemelex Xobeh
Okawaru
Trog
Xom
Yredelemnul
Zin

Shops:
D:3 ([!


Innate Abilities, Weirdness & Mutations

You are immune to sickness and miasma.
You are immune to poison.
Your flesh is very heat resistant. (rF++)
You are vulnerable to cold. (rC-)
You float through the air rather than walking.
You learn spells naturally, not from books.
Your magical power is your life essence.
You have superior vitality. (+4 MHP)


Message History

A guardian golem appears, shielding your allies.
Casting: Summon Guardian Golem (dangerous; 9% risk of failure)
Confirm with . or Enter, or press ? or * to list all spells.
The iguana bites you.
A jackal comes into view. x2
Your hound closely misses the iguana.
A jackal comes into view.
The iguana attacks as you move away! The iguana barely misses you.
The ogre hits your hound with a +0 giant spiked club!!!
Your hound dies!
Your hound's corpse disappears in a puff of smoke!
Casting: Call Canine Familiar (dangerous; 9% risk of failure)
Confirm with . or Enter, or press ? or * to list all spells.
A guardian golem appears, shielding your allies.
Your guardian golem disappears in a puff of smoke!
The iguana closely misses you. The iguana attacks as you move away!
The iguana misses you. The iguana attacks as you move away!
The iguana bites you.
* * * LOW HITPOINT WARNING * * *
Unknown command.
Casting: Summon Guardian Golem (dangerous; 9% risk of failure)
Confirm with . or Enter, or press ? or * to list all spells.
The iguana is struck by an arc of lightning.
The iguana is moderately wounded.
The jackal is struck by an arc of lightning.
You kill the jackal!
The iguana is struck by an arc of lightning!
The iguana is severely wounded.
You are struck by an arc of lightning.
* * * LOW HITPOINT WARNING * * *
The lightning grounds out.
* * * LOW HITPOINT WARNING * * *
The iguana bites you.
* * * LOW HITPOINT WARNING * * *
Your Dodging skill increases to level 5!
Casting: Static Discharge (safe; 4% risk of failure)
Confirm with . or Enter, or press ? or * to list all spells.
* * * LOW HITPOINT WARNING * * *
The iguana bites you.
You die...

##...# ....# #...# #.
#### #...# #.. ..#
#(..# ..#####.#
####.###
#.#...#.###......##..
#.#........†##.#....♣
#...<...##9Ol@.....#..
#.##.##.##.h####.#.#
#9......##.... .#...
#.##.....##.... # #.#
#.#####..#####.# .#
#O#####..# .#
#....†...# #
########h# ...


You could see an ogre (ally target), an iguana (ally target), a friendly
guardian golem (summoned) and a friendly hound (summoned, sheltered).

Vanquished Creatures
  A hound (D:3)
  An iguana (D:4)
  A mummy (D:4)
  6 adders
  A worm (D:2)
  4 dart slugs
  3 orcs
  2 ball pythons
  7 bats
  3 endoplasms (D:3)
  2 giant cockroaches (D:1)
  7 goblins
  6 hobgoblins
  A jackal (D:5)
  A quokka (D:2)
  5 frilled lizards
  6 kobolds
  3 rats
60 creatures vanquished.

Vanquished Creatures (collateral kills)
  An adder (D:2)
  A worm (D:3)
  An orc (D:3)
  2 kobolds
  A ball python (D:2)
  A bat (D:3)
  A rat (D:1)
8 creatures vanquished.

Vanquished Creatures (others)
  A hound (D:5)
  An orc (D:4)
2 creatures vanquished.

Grand Total: 70 creatures vanquished

Notes
Turn   | Place    | Note
-------+----------+-------------------------------------------
     0 | D:1      | Aviak the Djinni Summoner began the quest for the Orb.
     0 | D:1      | Aviak set off with the following spells memorised: Summon
                  | Small Mammal, Call Imp, Call Canine Familiar, Summon
                  | Guardian Golem, Summon Lightning Spire.
     0 | D:1      | Reached XP level 1. HP: 15/15 MP: 0/0
   196 | D:1      | Reached XP level 2. HP: 5/21 MP: 0/0
   797 | D:1      | Found a faded altar of an unknown god.
   907 | D:2      | Reached skill level 3 in Dodging
   907 | D:2      | Reached XP level 3. HP: 9/25 MP: 0/0
   907 | D:2      | Learned a level 1 spell: Beastly Appendage
  1967 | D:3      | Found Hiuwage's Armour Boutique.
  1990 | D:3      | Found Custus's Antique Weapon Emporium.
  2001 | D:3      | Reached XP level 4. HP: 28/31 MP: 0/0
  2363 | D:3      | Reached skill level 4 in Dodging
  2363 | D:3      | Reached XP level 5. HP: 26/35 MP: 0/0
  2363 | D:3      | Learned a level 2 spell: Static Discharge
  2750 | D:3      | Found Jeolugao's Distillery.
  2778 | D:3      | Bought a potion of heal wounds for 70 gold pieces
  2778 | D:3      | Bought a potion of might for 56 gold pieces
  3787 | D:4      | Found a snail-covered altar of Cheibriados.
  4152 | D:4      | Reached XP level 6. HP: 38/40 MP: 0/0
  4194 | D:4      | Found a staircase to the Ecumenical Temple.
  4207 | Temple   | Entered the Ecumenical Temple
  4256 | Temple   | Became a worshipper of Elyvilon the Healer
  4546 | D:5      | Entered Level 5 of the Dungeon
  4558 | D:5      | Noticed an ogre
  4591 | D:5      | HP: 2/40 [ogre/+0 giant spiked club (30)]
  4596 | D:5      | HP: 2/40 [hound (1)]
  4641 | D:5      | Reached skill level 5 in Dodging
  4641 | D:5      | Slain by an iguana

Illustrated notes

Levels and vault maps discovered:
D:1:      saegor_arrival_simple_c, layout_rooms,
          hellmonk_ecumenical_altar_blasted
D:2:      layout_loops_cross
D:3:      layout_rooms, serial_shops, nicolae_shop_stone, shop,
          nicolae_shop_advertising_works [nicolae_subvault_shop_adworks],
          st_stairs_9, minmay_mini_jars
D:4:      layout_loops_ring, slow_altar_1, temple_hall
D:5:      layout_loops_cross, serial_shops, nicolae_take_the_stairs,
          nicolae_square_shop, shop, nicolae_shop_trees,
          gammafunk_ghost_necromancy, uniq_eustachio
Temple:   eino_wide_crystal_templ

Skill      XL: |  1  2  3  4  5  6 |
---------------+-------------------+-----
Dodging        | 3 4 5 |  5.0
Spellcasting   | 4 |  4.5
Stealth        | |  1.5

Action                   |  1- 3 |  4- 6 || total
-------------------------+-------+-------++-------
Melee: Short sword       |    71 |    18 ||    89
       Unarmed           |     4 |       ||     4
       Punch             |     2 |     1 ||     3
       Dagger            |    24 |    92 ||   116
 Cast: Summon Small Mamm |     3 |     2 ||     5
       Call Imp          |     2 |     3 ||     5
       Call Canine Famil |       |     6 ||     6
       Static Discharge  |       |     7 ||     7
       Summon Guardian G |       |     6 ||     6
  Use: Potion            |     1 |     1 ||     2
       Scroll            |       |     7 ||     7
 Stab: Sleeping          |     2 |     2 ||     4
Armor: Robe              |    28 |       ||    28
       Leather armour    |     6 |    34 ||    40
Dodge: Dodged            |    62 |    79 ||   141

Table legend: (Time is in decaauts)
 A = Elapsed time spent in this place.
 B = Non-inter-level travel time spent in this place.
 C = Inter-level travel time spent in this place.
 D = Time resting spent in this place.
 E = Time spent auto-exploring this place.
 F = Levels seen in this place.
 G = Mean time per level.
                   A        B        C        D        E       F      G
               +--------+--------+--------+--------+--------+-----+--------+
         Total |   4647 |   4552 |     95 |    759 |   3115 |   6 |  774.5 |
       Dungeon |   4585 |   4509 |     76 |    759 |   3087 |   5 |  917.0 |
        Temple |     62 |     43 |     19 |      0 |     28 |   1 |   62.0 |
               +--------+--------+--------+--------+--------+-----+--------+

Top non-repeatable levels by time:
     D:4: 1392 daAuts
     D:3: 1137 daAuts
     D:2: 1069 daAuts
     D:1: 891 daAuts
     D:5: 94 daAuts
  Temple: 62 daAuts
